 Dungeon Crawl Stone Soup version 0.18-a0-822-gb52b7b4 (webtiles) character file.

55 patman the Skirmisher (level 3, -3/24 HPs)
             Began as a Gargoyle Berserker on Dec 16, 2015.
             Was a Follower of Trog.
             Slain by a river rat (5 damage)
             ... on level 4 of the Dungeon.
             The game lasted 00:01:45 (341 turns).

patman the Skirmisher (Gargoyle Berserker)           Turns: 341, Time: 00:01:45

Health: -3/24      AC:  8    Str: 20    XL:     3   Next: 93%
Magic:  3/3        EV: 11    Int:  7    God:    Trog [*.....]
Gold:   26         SH:  0    Dex: 10    Spells: 0 memorised, 2 levels left

rFire  . . .     SeeInvis .     a - +0 mace
rCold  . . .     Gourm    .     h - +0 ring mail
rNeg   + . .     Faith    .     (no shield)
rPois  ∞         Spirit   .     (no helmet)
rElec  +         Dismiss  .     (no cloak)
rCorr  .         Reflect  .     (no gloves)
SustAt .         Harm     .     (no boots)
MR     .....                    (no amulet)
Stlth  ..........               (no ring)
                                (no ring)

@: not resistant to hostile enchantments, extremely unstealthy
A: negative energy resistance 1, electricity resistance, unbreathing,
petrification resistance, rot immunity, AC +3
a: Berserk, Burn Spellbooks, Renounce Religion


You were on level 4 of the Dungeon.
You worshipped Trog.
Trog was aware of your devotion.
You were not hungry.

You visited 1 branch of the dungeon, and saw 4 of its levels.

You collected 26 gold pieces.

Inventory:

Hand Weapons
 a - a +0 mace (weapon)
Missiles
 f - 7 tomahawks (quivered)
Armour
 b - a +0 animal skin
 g - a +0 leather armour
 h - a +0 ring mail (worn)
Scrolls
 d - a scroll of remove curse
 e - a scroll of blinking
 i - a scroll of recharging {unknown}
 j - a scroll of fear {unknown}
 n - a scroll of enchant armour {unknown}
 o - a scroll of random uselessness {unknown}
Comestibles
 c - a bread ration
 l - 4 chunks of flesh
 m - a meat ration


   Skills:
 + Level 4.0 Fighting
 + Level 3.7 Maces & Flails
 + Level 2.5 Armour
 + Level 1.9 Dodging


You had 2 spell levels left.
You didn't know any spells.

Dungeon Overview and Level Annotations

Branches:
Dungeon (4/15)
 Temple: D:4-7

Altars:


Innate Abilities, Weirdness & Mutations

You are resistant to torment.
Your stone body is resilient (AC +3).
You are immune to poison.
You resist negative energy.
You are resistant to electric shocks.
You can survive without breathing.
You are immune to petrification.
You are immune to rotting.


Message History

* * * LOW HITPOINT WARNING * * *
The river rat barely misses you.
You barely miss the river rat.
The river rat is heavily wounded.
The phantom blinks!
The river rat barely misses you.
You hit the river rat but do no damage.
The river rat is heavily wounded.
The river rat bites you.
* * * LOW HITPOINT WARNING * * *
Your ring mail prevents you from hitting the river rat.
The river rat is heavily wounded.
The river rat bites you but does no damage.
You closely miss the river rat.
The river rat is heavily wounded.
The river rat bites you but does no damage.
You hit the river rat.
The river rat is severely wounded.
The river rat twitches its whiskers.
The river rat bites you.
You die...

...........# ..
...........# ...
.......<...#....
...............
...........####
.........+##≈≈###
#######W.#≈≈≈≈≈≈+
#...#≈≈≈≈≈≈+
#...@##
#...r†####.###
#.............
#######.......
....... .......
....... .......
.......


You could see a phantom and a river rat.

Vanquished Creatures
  4 adders
  A worm (D:2)
  A giant gecko (D:1)
  2 ball pythons
  A bat (D:3)
  A hobgoblin (D:1)
  3 kobolds
  3 giant cockroaches
  2 rats
18 creatures vanquished.

Notes
Turn   | Place    | Note
--------------------------------------------------------------
     0 | D:1      | patman the Gargoyle Berserker began the quest for the Orb.
     0 | D:1      | Reached XP level 1. HP: 14/14 MP: 1/1
    76 | D:1      | Reached XP level 2. HP: 10/19 MP: 2/2
   230 | D:2      | Reached skill level 4 in Fighting
   230 | D:2      | Reached XP level 3. HP: 19/24 MP: 3/3
   307 | D:4      | Noticed a phantom
   338 | D:4      | HP: 1/24 [river rat (2)]
   341 | D:4      | Slain by a river rat

Vault maps used:
D:1:      lordsloth_arrival_two_stooges
D:2:      nicolae_ru_path_of_blood, cheibriados_altar_1, first_bread,
          grunt_ministairs_10
D:4:      old_standard_altar, gup_sewer_entry_bowl, johnstein_pakellas_dig,
          uniq_menkaure

Action                   || total
-------------------------++-------
Melee: Mace              ||    77
Invok: Berserk           ||     1
  Use: Scroll            ||     2
